 Dungeon Crawl Stone Soup version 0.21-a0-442-g848f44b (webtiles) character file.

337 Gildeon the Cleaver (level 6, -12/51 HPs)
             Began as a Minotaur Fighter on Nov 15, 2017.
             Killed from afar by an electric eel (14 damage)
             ... with a bolt of electricity
             ... on level 3 of the Dungeon.
             The game lasted 00:11:42 (2535 turns).

Gildeon the Cleaver (Minotaur Fighter)              Turns: 2535, Time: 00:11:42

Health: -12/51     AC: 13    Str: 22    XL:     6   Next: 28%
Magic:  5/5        EV:  5    Int:  5    God:
Gold:   68         SH:  9    Dex: 10    Spells: 5/5 levels left

rFire    . . .     SeeInvis .   a - +0 war axe
rCold    . . .     Gourm    .   c - +0 shield
rNeg     . . .     Faith    .   m - +3 chain mail {MR+}
rPois    .         Spirit   .   (helmet restricted)
rElec    .         Reflect  .   (no cloak)
rCorr    .         Harm     .   n - +0 pair of gloves
MR       +....                  (no boots)
Stlth    ..........             (no amulet)
HPRegen  0.17/turn              (no ring)
MPRegen  0.09/turn              (no ring)

@: no status effects
A: retaliatory headbutt, horns 2
a: no special abilities


You were on level 3 of the Dungeon.
You were not hungry.

You visited 1 branch of the dungeon, and saw 3 of its levels.

You collected 68 gold pieces.

Inventory:

Hand Weapons
 a - a +0 war axe (weapon)
Armour
 b - a +0 scale mail
 c - a +0 shield (worn)
 h - a +0 leather armour
 m - a +3 chain mail of magic resistance (worn)
 n - a +0 pair of gloves (worn)
Wands
 r - a wand of flame (16/48)
Scrolls
 i - 2 scrolls of teleportation
 p - 2 scrolls of remove curse {unknown}
 q - 2 scrolls of magic mapping {unknown}
Potions
 e - a potion of curing
 l - a potion of lignification {unknown}
Comestibles
 d - 2 royal jellies
 f - 3 bread rations
 g - a meat ration
 j - 6 fruits
 k - 3 chunks of flesh


   Skills:
 - Level 3.6 Fighting
 + Level 8.1 Axes
 - Level 3.6 Armour
 - Level 3.6 Shields


You had 5 spell levels left.
You didn't know any spells.

Dungeon Overview and Level Annotations

Branches:
Dungeon (3/15)

Altars:
Nemelex Xobeh
Trog
Xom

Annotations:
D:3 1 transporter


Innate Abilities, Weirdness & Mutations

You reflexively headbutt those who attack you in melee.
You have a pair of horns on your head.


Message History

The bolt of electricity hits you!
You closely miss the electric eel. Your headbutt misses the electric eel.
You closely miss the electric eel.
The electric eel shoots out a bolt of lightning at you!
The bolt of electricity hits you! x2
The electric eel shoots out a bolt of lightning at you!
The bolt of electricity hits you!
You closely miss the electric eel. Your headbutt misses the electric eel.
You barely miss the electric eel.
The electric eel shoots out a bolt of lightning at you!
The bolt of electricity hits you!
The electric eel shoots out a bolt of lightning at you!
The bolt of electricity hits you!
* * * LOW HITPOINT WARNING * * *
The bolt of electricity misses you.
The electric eel shoots out a bolt of lightning at you!
The bolt of electricity hits you!
* * * LOW HITPOINT WARNING * * *
The bolt of electricity hits you!
You die...

#.##.##..###+###.#.##.#
#.##.##..#≈...≈#......#
#........#≈...≈#.#......
.>....#.###.#≈...≈#.#######
#####.#.# #.#≈.♣.≈#.# ....#
#.#≈...≈#.# .# .#.###
#.#;...≈#.# .###.#.
#.#;§§§≈#.# .... .
#S###@###.## .###..
###.#P§§§P#..#### .'.
.....#8§§§8#.....+ .###
####.#######..#### ##
#....©....## # ####......#
##...#.# #####.# #.#


You could see 2 electric eels and an adder.

Vanquished Creatures
  The ghost of Oozefury the Insei, an amateur MfTm (D:3)
  An electric eel (D:3)
  Terence (D:2)
  3 adders
  2 oozes
  2 worms (D:2)
  2 dart slugs (D:1)
  2 leopard geckos
  A ball python (D:2)
  6 bats
  3 giant cockroaches
  2 goblins (D:2)
  8 hobgoblins
  5 kobolds
  2 quokkas (D:2)
  4 frilled lizards
  5 rats
50 creatures vanquished.

Notes
Turn   | Place    | Note
-------+----------+-------------------------------------------
     0 | D:1      | Gildeon the Minotaur Fighter began the quest for the Orb.
     0 | D:1      | Reached XP level 1. HP: 19/19 MP: 0/0
   254 | D:1      | Reached skill level 3 in Axes
   390 | D:1      | Reached XP level 2. HP: 26/26 MP: 1/1
   803 | D:1      | Reached skill level 4 in Axes
  1195 | D:2      | Reached XP level 3. HP: 27/31 MP: 2/2
  1566 | D:2      | Noticed Terence
  1575 | D:2      | Killed Terence
  1575 | D:2      | Reached skill level 5 in Axes
  1575 | D:2      | Reached XP level 4. HP: 35/39 MP: 3/3
  1671 | D:2      | Found a bloodstained altar of Trog.
  2192 | D:3      | Found a sparkling altar of Nemelex Xobeh.
  2195 | D:3      | Found a shimmering altar of Xom.
  2284 | D:3      | Noticed Oozefury's ghost (amateur MfTm)
  2288 | D:3      | Killed Oozefury's ghost
  2288 | D:3      | Reached skill level 7 in Axes
  2288 | D:3      | Reached XP level 5. HP: 45/45 MP: 4/4
  2288 | D:3      | Reached XP level 6. HP: 51/51 MP: 5/5
  2437 | D:3      | Found a transporter.
  2461 | D:3      | Found a transporter.
  2487 | D:3      | Reached skill level 8 in Axes
  2535 | D:3      | HP: 2/51 [electric eel/bolt of electricity (6)]
  2535 | D:3      | Killed from afar by an electric eel

Vault maps used:
D:1:      dpeg_arrival_boxorama, bh_walls_and_bars
D:2:      lemuel_doored_altar, uniq_terence
D:3:      gammafunk_steamed_eel, nemelex_xobeh_ov_fountains_minmay,
          lemuel_crystal_altar, grunt_gozag_breadcrumbs, first_bread

Skill      XL: |  1  2  3  4  5  6 |
---------------+-------------------+-----
Axes           | 3 4 5 7 8 |  8.1
Fighting       | |  3.6
Armour         | |  3.6
Shields        | |  3.6

Action                   |  1- 3 |  4- 6 || total
-------------------------+-------+-------++-------
Melee: War axe           |    98 |    51 ||   149
       Headbutt          |    11 |     5 ||    16
Evoke: Wand              |       |     3 ||     3
  Use: Scroll            |     3 |     1 ||     4
       Potion            |     1 |     1 ||     2
  Eat: Chunk             |     1 |       ||     1
       Bread ration      |     1 |       ||     1
Armor: Scale mail        |    55 |       ||    55
       Chain mail        |       |    23 ||    23
Dodge: Dodged            |    23 |     6 ||    29
Block: Shield            |    49 |    27 ||    76

Table legend:
 A = Spawn XP
 B = Non-spawn XP
 C = Spawn XP percentage of total XP
 D = Spawn monster count
 E = Non-spawn monster count
 F = Spawn count percentage of total count
 G = Total turns spent on level
                    A         B        C        D         E        F      G
               +---------+---------+-------+---------+---------+-------+---------
         Total |       0 |     482 |   0.0 |       0 |      50 |   0.0 |  2535
               +---------+---------+-------+---------+---------+-------+---------
           D:1 |       0 |      33 |   0.0 |       0 |      17 |   0.0 |  1187
           D:2 |       0 |      89 |   0.0 |       0 |      21 |   0.0 |   852
           D:3 |       0 |     360 |   0.0 |       0 |      12 |   0.0 |   496
               +---------+---------+-------+---------+---------+-------+---------
